 Dungeon Crawl Stone Soup version 0.17-a0-913-g36eb389 (webtiles) character file.

295 drasked the Magician (level 6, -3/41 HPs)
             Began as a Mummy Wizard on May 3, 2015.
             Slain by an orc
             ... wielding a +0 war axe
              (10 damage)
             ... on level 4 of the Dungeon.
             The game lasted 00:35:16 (7048 turns).

drasked the Magician (Mummy Wizard)                 Turns: 7048, Time: 00:35:16

Health: -3/41      AC:  3    Str: 11    XL:     6   Next: 11%
Magic:  8/13       EV: 12    Int: 19    God:
Gold:   187        SH:  0    Dex: 10    Spells: 5 memorised, 4 levels left

rFire  x . .     SeeInvis .     d - +1 club
rCold  + . .     Clarity  .     g - +0 robe
rNeg   + + +     SustAb   .     (no shield)
rPois  ∞         Gourm    .     b - +0 hat
rElec  .         Spirit   .     (no cloak)
rCorr  .         Warding  .     (no gloves)
rMut   +         Stasis   .     m - +0 pair of boots
MR     .....                    j - amulet of resist mutation {rMut, !d}
Stlth  ++........               (no ring)
                                (no ring)

@: not resistant to hostile enchantments, unstealthy
A: no food or potions, fire vulnerability, cold resistance 1, negative energy
resistance 3, torment resistance, unbreathing
a: no special abilities


You were on level 4 of the Dungeon.
You were not hungry.

You visited 1 branch of the dungeon, and saw 4 of its levels.

You collected 187 gold pieces.

Inventory:

Hand weapons
 d - a +1 club (weapon)
   (You took it off a kobold on level 1 of the Dungeon)
Armour
 b - a +0 hat (worn)
 g - a +0 robe (worn)
   (You took it off Blork the orc on level 4 of the Dungeon)
 m - a +0 pair of boots (worn)
   (You found it on level 2 of the Dungeon)
Jewellery
 a - a +5 ring of intelligence {unknown}
   (You found it on level 4 of the Dungeon)
 j - an amulet of resist mutation (around neck) {rMut, !d}
   (You found it on level 1 of the Dungeon)
Magical devices
 o - a wand of hasting (5)
   (You found it on level 3 of the Dungeon)
Scrolls
 e - a scroll of fear
 f - 3 scrolls of identify
Books
 c - a book of Minor Magic
Miscellaneous
 l - a plain deck of summoning
   (You found it on level 2 of the Dungeon)


   Skills:
 - Level 1.7 Dodging
 - Level 1.8 Stealth
 * Level 4.8 Spellcasting
 - Level 1.2 Conjurations
 + Level 2.7 Summonings
 - Level 0.7 Translocations
 - Level 1.2 Air Magic
 - Level 1.0 Poison Magic


You had 4 spell levels left.
You knew the following spells:

 Your Spells              Type           Power        Failure   Level  Hunger
a - Magic Dart            Conj           #...         10%         1    N/A
b - Blink                 Tloc           N/A          17%         2    N/A
c - Call Imp              Summ           ##......     10%         2    N/A
d - Repel Missiles        Chrm/Air       #.....       17%         2    N/A
x - Mephitic Cloud        Conj/Pois/Air  #.......     28%         3    N/A

Dungeon Overview and Level Annotations

Branches:
Dungeon (4/15)
 Temple: D:4-7

Altars:
Gozag
Kikubaaqudgha
Nemelex Xobeh
Vehumet


Innate Abilities, Weirdness & Mutations

You do not eat or drink.
Your flesh is vulnerable to fire.
You are immune to poison.
Your flesh is cold resistant.
You are immune to negative energy.
You are immune to unholy pain and torment.
You can survive without breathing.


Message History

An orc wizard comes into view. It is wielding a dagger.
The orc hits your crimson imp with a falchion.
The orc priest barely misses your white imp.
The rat barely misses your crimson imp.
The orc wizard moves out of view.
Your white imp hits the orc priest but does no damage.
Your crimson imp blinks!
The orc barely misses you. What do you say? t - Shout!
Orders for allies: a - Attack new target. p - Attack previous target. r - Retreat! s - Stop attacking. w - Wait here. f - Follow me.
Anything else - Stay silent.
Gang up on whom?
Aim: an orc priest, wielding a flail and wearing a leather armour (severely wounded) Attack!
Your white imp gestures at the orc priest.
The puff of frost hits the orc priest.
The orc priest dies!
A shadowy apparition takes form in the air.
The orc barely misses you.
You now have 8/13 mp.
What do you say? t - Shout!
Orders for allies: a - Attack new target. r - Retreat! s - Stop attacking. w - Wait here. f - Follow me.
Anything else - Stay silent.
Gang up on whom?
Aim: an orc, wielding a flail Attack!
The orc hits you with a flail.
* * * LOW HITPOINT WARNING * * *
The orc hits your crimson imp with a falchion.
The rat completely misses you.
Your crimson imp blinks!
Your shadow imp closely misses the orc.
You take 5 damage, and have 10/41 hp.
You barely miss the orc. The rat barely misses you. The orc barely misses you.
The orc wizard barely misses your shadow imp.
Your shadow imp hits the orc.
Your crimson imp hits the orc but does no damage.
You closely miss the orc. The rat bites you but does no damage.
The orc wizard points at you and mumbles some strange words.
The magic dart hits your shadow imp. The orc hits you with a flail.
* * * LOW HITPOINT WARNING * * *
Your crimson imp hits the orc.
Something barely misses your shadow imp.
Your shadow imp misses the orc wizard.
Your crimson imp barely misses the orc.
The rat closely misses you.
The orc wizard hits your shadow imp with a dagger.
You take 5 damage, and have 5/41 hp.
You hit the orc.
Your crimson imp hits the orc.
Your shadow imp closely misses the orc wizard.
Your crimson imp hits the orc but does no damage.
The orc misses you. Something misses your shadow imp.
The rat closely misses you. The orc wizard casts a spell at you.
Your shadow imp seems to slow down.
Your crimson imp closely misses the orc.
You hit the orc.
You kill the orc!
Your crimson imp closely misses the orc.
Something hits your shadow imp.
Your shadow imp barely misses the orc wizard.
The rat misses you.
The orc wizard hits your shadow imp with a dagger.
Your crimson imp misses the orc.
You barely miss the rat. Something hits your shadow imp!
Your shadow imp dies!
The rat closely misses you.
The orc wizard gestures wildly while chanting.
The orc wizard blinks!
Your crimson imp blinks!
A giant gecko skeleton comes into view.
You swap places.
The rat barely misses your crimson imp.
Your crimson imp hits the rat.
Things that are here:
a flail; an orc corpse You swap places.
The rat bites your crimson imp but does no damage.
The orc closely misses you. The orc barely misses your crimson imp.
Your crimson imp closely misses the rat.
The rat bites your crimson imp.
Your crimson imp hits the rat.
The rat dies!
A beastly little devil appears in a puff of frigid air.
The orc barely misses you. The orc barely misses your white imp.
Something completely misses your crimson imp.
You now have 7/13 mp.
What do you say? t - Shout!
Orders for allies: a - Attack new target. r - Retreat! s - Stop attacking. w - Wait here. f - Follow me.
Anything else - Stay silent.
Gang up on whom?
Aim: an orc, wielding a war axe and wearing a ring mail Attack!
Your crimson imp hits the orc but does no damage.
The orc hits you with a war axe!
You die...

#.....#.####.....!...
#.....#.. .......#... #.
......>.............
##.######..##.....##..#...
...........# .........#...
#......#..##......?......
###......5Z5##.........#...
.....o...#o###.........#...
#####.##5#@# #........##...
#.##5#.# ####....###...
#.##(#.######..........
###.##o#.........##.##...
#....o.)#(........#.##...
###.###.#.........#.##...
#.#####.###.#.........#.. .
#...........#.####.......
..
.......#.#####.#...........
#


You could see an orc, a giant gecko skeleton, a friendly crimson imp and a
friendly white imp.

Vanquished Creatures
  An orc wizard (D:3)
  An orc priest (D:3)
  An adder (D:3)
  An ooze (D:2)
  4 giant geckos
  3 orcs
  A jackal (D:4)
  3 kobolds (D:1)
  A quokka (D:2)
  4 bats
  2 goblins
  4 rats
26 creatures vanquished.

Vanquished Creatures (collateral kills)
  Blork the orc (D:4)
  A hound (D:4)
  2 orc priests
  2 orc wizards
  A worker ant (D:4)
  2 gnolls (D:4)
  7 adders
  3 worms
  6 giant geckos
  8 orcs (D:3)
  A ball python (D:1)
  10 goblins
  5 hobgoblins
  6 jackals
  8 kobolds
  4 quokkas
  10 bats
  6 giant cockroaches
  5 giant newts
  A quokka skeleton (D:4)
  4 rats
93 creatures vanquished.

Vanquished Creatures (others)
  3 crimson imps (D:4)
  An iron imp (D:4)
  3 shadow imps
  7 white imps
14 creatures vanquished.

Grand Total: 133 creatures vanquished

Notes
Turn   | Place    | Note
--------------------------------------------------------------
     0 | D:1      | drasked, the Mummy Wizard, began the quest for the Orb.
     0 | D:1      | Reached XP level 1. HP: 13/13 MP: 4/4
   458 | D:1      | Reached skill level 1 in Conjurations
   491 | D:1      | Reached XP level 2. HP: 19/19 MP: 3/6
   495 | D:1      | Learned a level 2 spell: Blink
   498 | D:1      | Learned a level 2 spell: Call Imp
   968 | D:1      | Reached skill level 1 in Summonings
  1676 | D:1      | Reached XP level 3. HP: 24/24 MP: 2/7
  2176 | D:2      | Learned a level 2 spell: Repel Missiles
  2631 | D:2      | Found a sparkling altar of Nemelex Xobeh.
  3165 | D:2      | You fall through a shaft for 2 floors!
  3196 | D:4      | Reached XP level 4. HP: 30/30 MP: 1/9
  3201 | D:4      | Learned a level 3 spell: Mephitic Cloud
  4117 | D:3      | Reached skill level 4 in Spellcasting
  4193 | D:2      | Found an opulent altar of Gozag.
  4416 | D:3      | Reached skill level 2 in Summonings
  4751 | D:3      | Reached XP level 5. HP: 31/35 MP: 1/11
  4902 | D:3      | Reached skill level 1 in Poison Magic
  5004 | D:3      | Found an ancient bone altar of Kikubaaqudgha.
  5601 | D:4      | Reached skill level 1 in Air Magic
  5637 | D:4      | Noticed Blork the orc
  6098 | D:4      | Found a radiant altar of Vehumet.
  6129 | D:4      | HP: 6/35 [something (9)]
  6129 | D:4      | Killed Blork the orc
  6856 | D:4      | Reached XP level 6. HP: 41/41 MP: 9/12
  7015 | D:4      | Noticed an ogre
  7036 | D:4      | HP: 10/41 [orc/flail (5)]
  7048 | D:4      | Slain by an orc

Action                   |  1- 3 |  4- 6 || total
-------------------------+-------+-------++-------
Melee: Club              |    58 |    44 ||   102
 Cast: Magic Dart        |    23 |    15 ||    38
       Call Imp          |    49 |    79 ||   128
       Repel Missiles    |     1 |     1 ||     2
       Mephitic Cloud    |       |     3 ||     3
  Use: Scroll            |       |     9 ||     9

Vault maps used:
D:1:      eino_arrival_cavern_b, serial_co_window_serial, co_window_paths_a,
          co_window_cross_1, co_window_corner_a, co_window_corner_a,
          co_window_corner_a, co_window_corner_a, co_window_corner_a,
          co_window_corner_b, co_window_of_opportunity_c,
          co_window_of_opportunity_b, co_window_of_opportunity_b,
          co_window_corner_cb, co_window_broadway_a, co_window_paths_e,
          glass_columns_b, glass_columns_a, glass_columns_b, glass_columns_a
D:2:      nicolae_overflow_hidden_temple, nemelex_deck, first_bread
D:3:      kiku_gazebo_garden_becter, solitary_fountain,
          kennysheep_generic_room_13
D:4:      kennysheep_mini, uniq_blork_the_orc

Table legend:
 A = Turns spent in this place as a percentage of turns spent in the entire game.
 B = Non-inter-level travel turns spent in this place as a percentage of non-inter-level travel turns spent in the entire game.
 C = Inter-level travel turns spent in this place as a percentage of turns spent in this place.
 D = Turns resting spent in this place as a percentage of non-inter-level travel turns spent in this place.
 E = Turns spent auto-exploring this place as a percentage of non-inter-level travel turns spent in this place.
 F = Non-inter-level travel turns spent in this place divided by the number of levels of this place that you've seen.
                   A       B       C       D       E      F
               +-------+-------+-------+-------+-------+----------------------
         Total | 100.0 | 100.0 |   0.2 |  11.0 |   7.2 | 458.8
       Dungeon | 100.0 | 100.0 |   0.2 |  11.0 |   7.2 | 458.8
               +-------+-------+-------+-------+-------+----------------------

Table legend:
 A = Kills in this place as a percentage of kills in entire the game.
 B = Kills by you in this place as a percentage of kills by you in the entire game.
 C = Kills by friends in this place as a percentage of kills by friends in the entire game.
 D = Other kills in this place as a percentage of other kills in the entire game.
 E = Experience gained in this place as a percentage of experience gained in the entire game.
 F = Experience gained in this place divided by the number of levels of this place that you have seen.
                   A       B       C       D       E      F
               +-------+-------+-------+-------+-------+----------------------
         Total | 100.0 | 100.0 | 100.0 |  -nan | 100.0 | 105.5
       Dungeon | 100.0 | 100.0 | 100.0 |  -nan | 100.0 | 105.5
               +-------+-------+-------+-------+-------+----------------------
